 Dungeon Crawl Stone Soup version 0.26.1-11-gd32895ea62 (webtiles) character file.

Game seed: 13088544416415579442

1571 mankey1987 the Basher (level 8, -4/79 HPs)
             Began as an Ogre Berserker on May 31, 2021.
             Was a Priest of Trog.
             Shot with an arrow by a centaur (7 damage)
             ... on level 5 of the Dungeon.
             The game lasted 00:09:16 (6365 turns).

mankey1987 the Basher (Ogre Berserker)              Turns: 6365, Time: 00:09:17

Health: -4/79      AC:  3    Str: 28    XL:     8   Next: 90%
Magic:  0/8        EV: 10    Int:  8    God:    Trog [***...]
Gold:   293        SH:  0    Dex: 10    Spells: 7/7 levels left

rFire    . . .     SeeInvis .   r - +5 whip (elec)
rCold    . . .     Faith    .   (no shield)
rNeg     . . .     Spirit   +   b - +0 animal skin
rPois    .         Reflect  .   (helmet restricted)
rElec    .         Harm     .   (no cloak)
rCorr    .         Rampage  .   (gloves unavailable)
Will     +....                  (boots unavailable)
Stlth    +.........             k - amulet of guardian spirit
HPRegen  0.23/turn              o - +6 ring of strength
MPRegen  0.11/turn              (no ring)

@: berserk cooldown, slowed, very slow
A: large, unfitting armour, high mp 1, strong-willed 1, tough skin 1
a: Renounce Religion, Berserk, Trog's Hand


You were on level 5 of the Dungeon.
You worshipped Trog.
Trog was most pleased with you.
You visited 1 branch of the dungeon, and saw 5 of its levels.

You collected 293 gold pieces.

Inventory:

Hand Weapons
 a - a +0 mace
 d - a +0 giant spiked club
 r - a +5 whip of electrocution (weapon)
Armour
 b - a +0 animal skin (worn)
Jewellery
 k - an amulet of guardian spirit (around neck)
 o - a +6 ring of strength (left hand)
Wands
 e - a wand of digging (1)
Scrolls
 f - 4 scrolls of teleportation
 i - a scroll of remove curse
 j - 4 scrolls of amnesia
 l - a scroll of fog {unknown}
 n - 5 scrolls of immolation
 p - a scroll of fear {unknown}
 q - a scroll of enchant armour {unknown}
Potions
 h - 2 potions of resistance


   Skills:
 - Level 4.5 Fighting
 + Level 10.1 Maces & Flails
 - Level 3.1 Dodging
 - Level 0.1 Stealth


You had 7 spell levels left.
You didn't know any spells.
Your spell library was empty.

Dungeon Overview and Level Annotations

Branches:
Dungeon (5/15)
 Temple: D:4-7

Altars:
Gozag
Hepliaklqana
Nemelex Xobeh
Zin


Innate Abilities, Weirdness & Mutations

You are too large for most types of armour.
You have tough skin. (AC +1)
You have an increased reservoir of magic. (+10% MP)
You are strong-willed. (Will+)


Message History

The centaur wields a cursed +0 shortbow.
The centaur shoots an arrow.
The arrow hits you!
* * * LOW HITPOINT WARNING * * *
You see here an arrow.
The centaur shoots an arrow.
The arrow hits you!
* * * LOW HITPOINT WARNING * * *
Things that are here:
an arrow; a howler monkey corpse
Okay, then.
A red film seems to cover your vision as you go berserk!
You feel yourself moving faster!
You feel mighty!
The centaur shoots an arrow.
The arrow hits you.
* * * LOW HITPOINT WARNING * * *
You feel a strong urge to attack something.
You feel your anger nearly subside.
You are no longer berserk.
You are exhausted.
You feel yourself slow down.
The centaur shoots an arrow.
The arrow barely misses you.
The centaur shoots an arrow.
The arrow hits you!
You die...

..##.#.######.##.#.#######...##..
......))c..(.(...........'...''..
..##.#.#######c#.#.###.###...##..
#..o.. #.#.#.###'########..
#....... #.#.#.#....# ##..
#.........#...#.#....######...
#.........##..#.#...........##
.......?.. #..#.#...........#
........... ##@#.###.........#
#(..............#
#######..####.#########
..........<..........
#####...###.####### #.#.......
######.#...#.### #......#......
#......#...#.#


You could see a centaur.

Vanquished Creatures
  Pikel (D:4)
  A necrophage (D:5)
  An ice beast (D:5)
  4 ogres
  2 lemures (D:4)
  A howler monkey (D:5)
  An orc priest (D:4)
  2 jellies (D:5)
  3 orc wizards
  Jessica (D:3)
  2 worker ants (D:4)
  7 gnolls (D:4)
  8 adders
  An ooze (D:4)
  3 adder skeletons
  A worm (D:3)
  4 dart slugs (D:1)
  5 leopard geckos
  13 orcs
  3 giant cockroaches (D:1)
  12 goblins
  10 hobgoblins
  2 quokkas
  3 ball pythons
  6 bats
  6 frilled lizards
  8 kobolds
  A leopard gecko skeleton (D:5)
  2 quokka skeletons (D:4)
  9 rats
123 creatures vanquished.

Notes
Turn   | Place    | Note
-------+----------+-------------------------------------------
     0 | D:1      | mankey1987 the Ogre Berserker began the quest for the Orb.
     0 | D:1      | Reached XP level 1. HP: 24/24 MP: 1/1
   283 | D:1      | Reached XP level 2. HP: 24/32 MP: 2/2
   873 | D:1      | Reached skill level 3 in Maces & Flails
  1080 | D:1      | Reached XP level 3. HP: 40/40 MP: 3/3
  1176 | D:1      | Reached ** piety under Trog
  2310 | D:2      | Reached XP level 4. HP: 41/49 MP: 4/4
  2601 | D:2      | Reached skill level 4 in Maces & Flails
  3361 | D:3      | Noticed Jessica
  3365 | D:3      | Killed Jessica
  3366 | D:3      | Reached XP level 5. HP: 55/55 MP: 5/5
  3809 | D:3      | Found a hazy altar of Hepliaklqana.
  4065 | D:3      | Reached skill level 5 in Maces & Flails
  4237 | D:4      | Found a glowing silver altar of Zin.
  4453 | D:4      | Reached *** piety under Trog
  4500 | D:4      | Noticed an ogre
  4506 | D:4      | Killed an ogre
  4507 | D:4      | Reached skill level 6 in Maces & Flails
  4507 | D:4      | Reached XP level 6. HP: 63/63 MP: 4/6
  5011 | D:4      | Noticed Pikel
  5039 | D:4      | Killed Pikel
  5040 | D:4      | Reached skill level 8 in Maces & Flails
  5040 | D:4      | Reached XP level 7. HP: 60/71 MP: 3/7
  5045 | D:4      | Reached XP level 8. HP: 39/79 MP: 3/8
  5376 | D:4      | Found an opulent altar of Gozag.
  5682 | D:4      | Found a sparkling altar of Nemelex Xobeh.
  5817 | D:5      | Entered Level 5 of the Dungeon
  5831 | D:5      | Reached skill level 9 in Maces & Flails
  6072 | D:5      | Gained mutation: You are strong-willed. (Will+) [potion of
                  | mutation]
  6072 | D:5      | Gained mutation: You have an increased reservoir of magic.
                  | (+10% MP) [potion of mutation]
  6274 | D:5      | Reached skill level 10 in Maces & Flails
  6359 | D:5      | HP: 3/118 [centaur/arrow (5)]
  6365 | D:5      | Shot with an arrow by a centaur

Illustrated notes

Levels and vault maps discovered:
D:1:      erik_arrival_cave_to_civilisation [erik_arrival_cave_to_temple],
          layout_basic, minmay_quantized
D:2:      layout_basic
D:3:      layout_basic, nzn_hepliaklqana_mist_gate, uniq_jessica
D:4:      layout_loops_ring, pdpol_temple_overflow_zin_treasury_gozag_greed,
          lemuel_coloured_pillars_altar, uniq_pikel
D:5:      layout_basic, elyvilon_altar_3, minmay_temple_entry_offerings,
          serial_shops, shop

Skill      XL: |  1  2  3  4  5  6  7  8 |
---------------+-------------------------+-----
Dodging        | 3 |  3.1
Maces & Flails | 3 4 6 8 10 | 10.1
Fighting       | |  4.5
Stealth        | |  0.1

Action                   |  1- 3 |  4- 6 |  7- 9 || total
-------------------------+-------+-------+-------++-------
Melee: Mace              |    73 |       |       ||    73
       Whip              |    34 |   145 |   102 ||   281
Invok: Berserk           |     2 |     5 |     5 ||    12
  Use: Scroll            |       |     2 |     9 ||    11
       Potion            |       |     2 |     4 ||     6
 Stab: Sleeping          |       |     1 |       ||     1
Armor: Animal skin       |    44 |    29 |     9 ||    82
Dodge: Dodged            |    66 |    63 |    30 ||   159
